 Dungeon Crawl Stone Soup version 0.28.0-45-g0d030f2227 (webtiles) character file.

Game seed: 6274083166464377507

11 pkoi the Sneak (level 2, 0/24 HPs)
             Began as a Demigod Wanderer on Apr 8, 2022.
             Frozen to death by an endoplasm (5 damage)
             ... on level 1 of the Dungeon.
             The game lasted 00:00:47 (175 turns).

pkoi the Sneak (Demigod Wanderer)                    Turns: 175, Time: 00:00:48

Health: 0/24       AC:  2    Str: 12    XL:     2   Next: 3%
Magic:  7/7        EV: 12    Int: 13    God:
Gold:   14         SH:  0    Dex: 15    Spells: 4/4 levels left

rFire   . . .      SeeInvis .   a - +3 dagger
rCold   . . .      Faith    .   (no shield)
rNeg    . . .      Spirit   .   c - +0 robe
rPois   .          Reflect  .   (no helmet)
rElec   .          Harm     .   (no cloak)
rCorr   .          Rampage  .   (no gloves)
Will    .....                   (no boots)
Stlth   ++........              (no amulet)
HPRegen 0.08/turn               (no ring)
MPRegen 0.10/turn               (no ring)

@: no status effects
A: high MP 1, forlorn, divine attributes
a: no special abilities


You were on level 1 of the Dungeon.
You visited 1 branch of the dungeon, and saw 1 of its levels.

You collected 14 gold pieces.

Inventory:

Hand Weapons
 a - a +3 dagger (weapon)
Armour
 c - a +0 robe (worn)
Potions
 b - a potion of heal wounds


   Skills:
 + Level 2.1 Fighting
 + Level 1.3 Dodging
 - Level 3.0 Stealth
 - Level 1.7 Spellcasting
 - Level 1.7 Necromancy


You had 4 spell levels left.
You didn't know any spells.
Your spell library contained the following spells:

 Spells                   Type           Power      Damage    Failure   Level
 Sublimation of Blood     Necr           5%         N/A       19%         2
 Corpse Rot               Necr/Air       6%         N/A       28%         2


Dungeon Overview and Level Annotations

Branches:
Dungeon (1/15)


Innate Abilities, Weirdness & Mutations

You have an increased reservoir of magic. (+10% MP)
You shall have no god before yourself.
Your divine heritage dramatically boosts your attributes as you level up.


Message History

A dart slug is nearby!
The dart slug barely misses you.
You hit the dart slug.
The dart slug is heavily wounded.
The dart slug bites you.
* * * LOW HITPOINT WARNING * * *
You hit the dart slug.
You kill the dart slug!
Training target 3.0 for Stealth reached!
Your Stealth skill increases to level 3!
You have reached level 2!
You start resting.
A frilled lizard comes into view.
A frilled lizard is nearby!
A frilled lizard is nearby!
Things that are here:
a +0 short sword; a kobold corpse An endoplasm comes into view. x2
The endoplasm quivers.
The endoplasm freezes you.
You are frozen.
* * * LOW HITPOINT WARNING * * *
The endoplasm closely misses you.
The endoplasm quivers.
The frilled lizard hisses angrily.
You hit the endoplasm.
The endoplasm is heavily wounded.
The endoplasm freezes you.
You are frozen.
* * * LOW HITPOINT WARNING * * *
The endoplasm freezes you.
You are frozen.
* * * LOW HITPOINT WARNING * * *
The frilled lizard unfolds its giant frill.
You barely miss the endoplasm. The endoplasm closely misses you.
You hit the endoplasm.
The endoplasm is moderately wounded.
The endoplasm freezes you.
You are frozen.
You die...

#..# #..# #..# #..# ..
#..# #. # # #..###.##
#. #.# #........
####.# ##.####@#
...... .....##J####.#
......###.#
#.##J.....#
#........###...l######
#.###...###...###
#.#.............#
##.#..)..........##
...†..###...###...#
##....#>......#...#


You could see 2 endoplasms and a frilled lizard.

Vanquished Creatures
  A dart slug (D:1)
  A ball python (D:1)
  A giant cockroach (D:1)
  A goblin (D:1)
  A kobold (D:1)
  A quokka (D:1)
  A frilled lizard (D:1)
  A rat (D:1)
8 creatures vanquished.

Notes
Turn   | Place    | Note
-------+----------+-------------------------------------------
     0 | D:1      | pkoi the Demigod Wanderer began the quest for the Orb.
     0 | D:1      | pkoi set off with the following items: a +3 dagger, a
                  | potion of heal wounds, a +0 robe; and the following spells
                  | available to memorise: Sublimation of Blood, Corpse Rot
     0 | D:1      | Reached XP level 1. HP: 17/17 MP: 5/5
   101 | D:1      | Reached skill level 3 in Stealth
   101 | D:1      | Reached XP level 2. HP: 14/24 MP: 7/7
   175 | D:1      | Frozen to death by an endoplasm

Illustrated notes

Levels and vault maps discovered:
D:1:      minmay_arrival_open_corners, layout_loops_ring,
          dreamdust_ecumenical_altar_statues

Skill      XL: |  1 |
---------------+----+-----
Fighting       | 2 |  2.1
Stealth        | 3 |  3.0
Dodging        | |  1.3
Spellcasting   | |  1.7
Necromancy     | |  1.7

Action                   || total
-------------------------++-------
Melee: Dagger            ||    18
  Use: Scroll            ||     1
Armor: Robe              ||     3
Dodge: Dodged            ||     8
